 Dungeon Crawl Stone Soup version 0.27-a0-54-g64bdb92e38 (webtiles) character file.

Game seed: 12473191701219162764

24453 lessens the Marksdemigod (level 12, -2/96 HPs)
             Began as a Demigod Hunter on Jan 7, 2021.
             Killed from afar by a swamp worm (17 damage)
             ... with a harpoon shot
             ... on level 2 of the Lair of Beasts.
             The game lasted 00:34:36 (18846 turns).

lessens the Marksdemigod (Demigod Hunter)          Turns: 18846, Time: 00:34:37

Health: -2/96      AC: 18    Str: 23    XL:     12   Next: 46%
Magic:  15/15      EV: 21    Int: 15    God:
Gold:   1437       SH:  0    Dex: 20    Spells: 11/11 levels left

rFire    . . .     SeeInvis .   b - +7 long sword of Rahagomo {flame, rN+ Dex+4}
rCold    + . .     Faith    .   (no shield)
rNeg     + . .     Spirit   .   n - quicksilver dragon scales
rPois    .         Reflect  .   S - +2 helmet
rElec    .         Harm     .   m - +0 cloak
rCorr    .         Rampage  .   y - +0 pair of gloves
Will     ++...                  I - +1 pair of boots
Stlth    +.........             p - amulet of regeneration
HPRegen  0.66/turn              P - +4 ring of evasion
MPRegen  0.14/turn              K - ring of protection from cold

@: lethally poisoned (-2 -> -5)
A: high mp 1
a: no special abilities


You were on level 2 of the Lair of Beasts.
You visited 2 branches of the dungeon, and saw 14 of its levels.
You also visited: Ossuary and Ice Cave.

You collected 1437 gold pieces.

Inventory:

Hand Weapons
 a - a +2 shortbow
 b - the +7 long sword of Rahagomo (weapon) {flame, rN+ Dex+4}
   (You found it on level 12 of the Dungeon)

   It has been specially enchanted to burn those struck by it, causing extra
   injury to most foes and up to half again as much damage against particularly
   susceptible opponents.
   Big, fiery blades are also staple armaments of hydra-hunters.
   It affects your dexterity (+4).
   It protects you from negative energy.
 c - a +0 short sword
 i - a +4 flail
 T - a +2 dagger of venom
Missiles
 d - 164 arrows
 g - 462 stones
 s - 60 poisoned darts (quivered)
 N - 7 atropa-tipped darts
 Q - 14 boomerangs
 R - 2 curare-tipped darts
Armour
 m - a +0 cloak (worn)
 n - quicksilver dragon scales (worn)
 y - a +0 pair of gloves (worn)
 I - a +1 pair of boots (worn)
 S - a +2 helmet (worn)
Jewellery
 p - an amulet of regeneration (around neck)
 w - an uncursed ring of fire
 C - an uncursed amulet of magic regeneration {unknown}
 F - an uncursed ring of stealth
 K - a ring of protection from cold (right hand)
 O - the ring of Atoasoex {rPois rF- rN+ rCorr Int+2}
   (You found it in an ice cave)

   [ring of resist corrosion]

   It affects your intelligence (+2).
   It makes you vulnerable to fire.
   It protects you from poison.
   It protects you from negative energy.
   It provides partial protection from all sources of acid and corrosion.
 P - a +4 ring of evasion (left hand)
 V - an uncursed amulet of reflection {unknown}
Wands
 k - a wand of iceblast (5)
 z - a wand of disintegration (13)
 D - a wand of enslavement (9)
 X - a wand of acid (4)
Scrolls
 h - 4 scrolls of identify
 j - 3 scrolls of fog {unknown}
 l - 5 scrolls of fear {unknown}
 o - 6 scrolls of blinking {unknown}
 q - 9 scrolls of remove curse
 r - 5 scrolls of enchant armour
 t - 7 scrolls of teleportation
 u - 2 scrolls of immolation {unknown}
 v - 2 scrolls of magic mapping
 x - 4 scrolls of enchant weapon
 E - 3 scrolls of amnesia {unknown}
 W - a scroll of holy word {unknown}
Potions
 e - 8 potions of curing
 f - a potion of resistance
 A - a potion of flight
 B - 3 potions of might
 G - a potion of attraction
 H - a potion of heal wounds
 J - 3 potions of mutation
 L - a potion of magic
 M - a potion of invisibility
 U - a potion of haste


   Skills:
 - Level 6.0 Fighting
 * Level 16.5 Bows
 - Level 4.0 Armour
 + Level 7.7 Dodging
 - Level 0.8 Stealth


You had 11 spell levels left.
You didn't know any spells.
Your spell library contained the following spells:

 Spells                   Type           Power        Failure   Level
 Magic Dart               Conj           0%           38%         1
 Searing Ray              Conj           0%           52%         2
 Dazzling Flash           Conj/Hex       0%           77%         3
 Fulminant Prism          Conj/Hex       0%           99%         4
 Iskenderun's Mystic Bla  Conj/Tloc      0%           99%         4


Dungeon Overview and Level Annotations

Branches:
Dungeon (12/15)            Temple (0/1) D:5            Lair (2/6) D:10
    Orc (0/2) D:11        Ossuary (visited)           IceCv (visited)
  Swamp: Lair:2-4    Shoals: Lair:2-4     Snake: Lair:2-4    Spider: Lair:2-4


Innate Abilities, Weirdness & Mutations

You have an increased reservoir of magic. (+10% MP)


Message History

You feel sick.
You hear an angry buzzing noise.
You feel very sick.
You feel sick.
You hear an angry buzzing noise.
You feel sick. The swamp worm barely misses you.
You feel sick.
You feel sick.
You feel sick.
You feel sick.
The swamp worm fires a harpoon shot at you.
The harpoon shot hits you!
* * * LOW HITPOINT WARNING * * *
You are yanked forward by the harpoon shot.
You feel sick.
The swamp worm fires a harpoon shot at you.
The harpoon shot misses you.
The swamp worm fires a harpoon shot at you.
The harpoon shot hits you!
You die...

####### #.#..P #....#
##....#### ##......#.#
#...w⌠⌠w..# #..w♣..♣..##
##### ##...♣..♣...# ####
#...#####.@.♣♣..♣♣†.# #...
#....#.##...♣≈..≈♣†## #...
#...........♣≈..≈♣.#####...
##(.........♣≈♣.≈♣.........
#.#.....#.#.♣≈..♣♣.♣P.#####
##...##.#.#♣♣≈♣.≈♣♣#### #
##....#...#♣♣♣..≈♣ ### #
#..........♣ ..≈♣♣#.# #
##........P♣ . ♣.###


You could see 2 swamp worms.

Vanquished Creatures
  2 ice dragons (IceCv)
  Fannar (D:12)
  3 boulder beetles
  2 hydras
  A skeletal warrior (D:12)
  A bog body (Lair:2)
  A manticore (D:12)
  Maurice (D:9)
  2 ice statues (IceCv)
  2 black mambas (Lair:2)
  2 cane toads (Lair:2)
  2 rime drakes (IceCv)
  4 kobold demonologists (D:12)
  5 komodo dragons
  A troll (D:9)
  A hornet (D:11)
  A polar bear (Lair:1)
  2 wyverns
  A steam dragon (D:12)
  11 yaks
  3 chaos spawn (D:11)
  A warg (D:11)
  4 water moccasins
  An acid dragon (D:11)
  17 ice beasts
  3 orc warriors
  5 sky beasts
  4 black bears
  7 ogres
  4 phantoms
  10 wolves
  7 centaurs
  3 big kobolds
  9 bullfrogs
  A wyvern zombie (D:11)
  3 elf skeletons (D:7)
  2 scorpions
  2 wyvern skeletons
  6 killer bees (Lair:2)
  4 wights (D:10)
  3 howler monkeys
  A bullfrog zombie (D:5)
  3 centaur zombies
  A quasit (D:8)
  4 hounds
  A human zombie (D:7)
  11 orc priests
  9 orc wizards
  A bullfrog skeleton (D:12)
  A jelly (D:8)
  4 centaur skeletons
  7 iguanas
  Terence (D:2)
  2 human skeletons (D:7)
  6 worker ants
  5 big kobold zombies (Ossuary)
  A hound skeleton (D:7)
  A mummy (Ossuary)
  3 gnolls
  20 adders
  2 shadow imps
  2 white imps
  4 ufetubi
  An adder zombie (D:5)
  An adder skeleton (D:10)
  3 worms
  A dart slug (D:1)
  5 leopard geckos
  42 orcs
  2 spectral bats (Ossuary)
  6 giant cockroaches
  12 goblins
  6 hobgoblins
  10 jackals
  3 quokkas
  2 ball pythons
  10 bats
  4 bat simulacra (Ossuary)
  4 frilled lizards
  7 gnoll zombies (Ossuary)
  3 goblin simulacra (Ossuary)
  3 goblin zombies (Ossuary)
  7 hobgoblin zombies (Ossuary)
  27 kobolds
  4 kobold simulacra (Ossuary)
  3 kobold zombies (Ossuary)
  5 orc zombies (Ossuary)
  A quokka zombie (D:8)
  12 rats
  3 rat simulacra (Ossuary)
  A spectral goblin (Ossuary)
  2 spectral kobolds (Ossuary)
  7 spectral rats (Ossuary)
432 creatures vanquished.

Vanquished Creatures (others)
  2 fungi (Lair:2)
  2 plants (Lair:2)
4 creatures vanquished.

Grand Total: 436 creatures vanquished

Notes
Turn   | Place    | Note
-------+----------+-------------------------------------------
     0 | D:1      | lessens the Demigod Hunter began the quest for the Orb.
     0 | D:1      | Reached XP level 1. HP: 17/17 MP: 3/3
    65 | D:1      | Reached skill level 4 in Bows
   582 | D:1      | Reached XP level 2. HP: 24/24 MP: 4/4
  1227 | D:1      | Reached XP level 3. HP: 25/29 MP: 5/5
  1945 | D:2      | Reached skill level 5 in Bows
  2150 | D:2      | Found a hazy altar of Hepliaklqana.
  2383 | D:2      | Found an ancient bone altar of Kikubaaqudgha.
  2541 | D:2      | Reached XP level 4. HP: 30/36 MP: 6/6
  2886 | D:2      | Noticed Terence
  2913 | D:2      | Killed Terence
  3623 | D:3      | Reached skill level 6 in Bows
  3623 | D:3      | Reached XP level 5. HP: 19/41 MP: 7/7
  4118 | D:3      | Noticed a phantom
  4353 | D:3      | Killed a phantom
  4354 | D:3      | Reached skill level 7 in Bows
  4354 | D:3      | Reached XP level 6. HP: 26/48 MP: 8/8
  4561 | D:3      | Found a glowing silver altar of Zin.
  4768 | D:3      | Found a sacrificial altar of Ru.
  5420 | D:4      | Found an ornate altar of the Wu Jian Council.
  5890 | D:5      | Entered Level 5 of the Dungeon
  6022 | D:5      | Reached skill level 8 in Bows
  6041 | D:5      | Reached XP level 7. HP: 29/53 MP: 9/9
  6237 | D:5      | Found a radiant altar of Vehumet.
  6523 | D:5      | Reached skill level 9 in Bows
  6568 | D:5      | Found a staircase to the Ecumenical Temple.
  6794 | D:5      | Found a glowing golden altar of the Shining One.
  6983 | D:6      | Reached XP level 8. HP: 46/60 MP: 10/10
  7041 | D:6      | Found a bloodstained altar of Trog.
  7125 | D:6      | Reached skill level 10 in Bows
  7163 | D:6      | Reached skill level 1 in Armour
  7462 | D:6      | Got a fabulously ornate robe
  7473 | D:6      | Identified the cursed +0 robe of the Moon {Str+2 Dex+4}
                  | (You found it on level 6 of the Dungeon)
  8025 | D:6      | Found a burning altar of Makhleb.
  8141 | D:7      | Found a sand-covered staircase.
  8151 | Ossuary  | Entered an ossuary
  8397 | Ossuary  | Reached skill level 11 in Bows
  8749 | D:7      | Reached XP level 9. HP: 54/67 MP: 11/11
  8848 | D:7      | Found a stormy altar of Qazlal.
  9197 | D:7      | Found an ornate altar of the Wu Jian Council.
 10258 | D:8      | Found a hide-covered altar of Uskayaw.
 10780 | D:9      | Noticed a boulder beetle
 10798 | D:9      | Killed a boulder beetle
 10799 | D:9      | Reached skill level 12 in Bows
 11074 | D:9      | Noticed Maurice
 11319 | D:9      | Reached XP level 10. HP: 42/80 MP: 13/13
 11390 | D:9      | Found a snail-covered altar of Cheibriados.
 11536 | D:9      | Killed Maurice
 11830 | D:10     | Entered Level 10 of the Dungeon
 12022 | D:10     | Reached skill level 5 in Fighting
 12022 | D:10     | Reached skill level 13 in Bows
 12111 | D:10     | Found a white marble altar of Elyvilon.
 12708 | D:10     | Found a staircase to the Lair.
 12758 | D:11     | Noticed a seven-headed hydra
 12785 | D:11     | Killed a seven-headed hydra
 13152 | D:11     | Found a staircase to the Orcish Mines.
 13809 | D:11     | Noticed a boulder beetle
 13830 | D:11     | Killed a boulder beetle
 13831 | D:11     | Reached skill level 14 in Bows
 14077 | D:11     | Found the +7 mace of Variability {chain chaos}
 14094 | D:11     | Reached XP level 11. HP: 89/89 MP: 14/14
 14110 | D:11     | Found a shimmering altar of Xom.
 14430 | D:12     | Noticed a soul eater
 14648 | D:12     | Noticed a boulder beetle
 14673 | D:12     | Killed a boulder beetle
 14815 | D:12     | Noticed Fannar
 14967 | D:12     | Killed Fannar
 15138 | D:12     | Noticed a skeletal warrior
 15632 | D:12     | Got a twisted long sword
 15633 | D:12     | Identified the +7 long sword of Rahagomo {flame, rN+ Dex+4}
                  | (You found it on level 12 of the Dungeon)
 15659 | D:12     | Killed a skeletal warrior
 15660 | D:12     | Reached skill level 5 in Dodging
 15735 | D:12     | Noticed a skeletal warrior
 15736 | D:12     | Noticed a skeletal warrior
 15934 | Lair:1   | Entered Level 1 of the Lair of Beasts
 15955 | Lair:1   | Reached skill level 15 in Bows
 16043 | Lair:1   | Found a frozen archway.
 16064 | IceCv    | Entered an ice cave
 16652 | IceCv    | Noticed an ice dragon
 16654 | IceCv    | Noticed an ice dragon
 16700 | IceCv    | Killed an ice dragon
 16712 | IceCv    | Killed an ice dragon
 16867 | IceCv    | Got a heavily runed amber ring
 16875 | IceCv    | Identified the ring of Atoasoex {rPois rF- rN+ rCorr Int+2}
                  | (You found it in an ice cave)
 17056 | Lair:1   | Noticed a four-headed hydra
 17065 | Lair:1   | Killed a four-headed hydra
 17066 | Lair:1   | Reached XP level 12. HP: 96/96 MP: 15/15
 17397 | Lair:1   | Reached skill level 16 in Bows
 18103 | Lair:2   | Found a stormy altar of Qazlal.
 18846 | Lair:2   | Killed from afar by a swamp worm

Illustrated notes

Levels and vault maps discovered:
D:1:      mrwooster_arrival_statue_3, layout_loops_corners
D:2:      layout_basic, marbit_many_paths, lemuel_doored_altar, uniq_terence
D:3:      layout_rooms, lemuel_crystal_altar, zin_academy, grunt_ministairs_13
D:4:      layout_basic, overflow_temple_1_default, roderic_roman_lattice
D:5:      layout_basic, overflow_temple_1_default, general_overflow_altar,
          minmay_temple_entry_ruins
D:6:      layout_basic, lightli_temple_of_fire, basic_altar
D:7:      layout_cave_pods, nicolae_ossuary_entry_catacombs, basic_altar,
          nicolae_qazlal_style_of_elements
D:8:      layout_basic, eat_drink_and_be_merry_uskayaw,
          small_statue_intersection
D:9:      layout_loops_ring, lemuel_tele_altar, uniq_maurice
D:10:     layout_basic, lair_entry_dummy, elyvilon_altar_5
D:11:     layout_stronghold, david_orc_1_choice,
          minmay_guarded_unrand_variability
D:12:     layout_basic, uniq_gastronok, uniq_fannar
Lair:1:   layout_cave_pods, portal_ice_cave_entry_pillars_1,
          chequers_serial_rivers_marsh
Lair:2:   layout_misc_corridors, nicolae_swamp_entry_splash_gauntlet,
          basic_altar, special_room [special_room_bee], lemuel_fruit_tree

Skill      XL: |  1  2  3  4  5  6  7  8  9 10 11 12 |
---------------+-------------------------------------+-----
Bows           | 4 5 6 7 8 9 11 12 14 15 16 | 16.5
Armour         | 3 4 |  4.0
Fighting       | 4 6 |  6.0
Dodging        | 3 6 7 |  7.7
Stealth        | |  0.8

Action                   |  1- 3 |  4- 6 |  7- 9 | 10-12 || total
-------------------------+-------+-------+-------+-------++-------
Melee: Short sword       |   178 |   179 |       |       ||   357
       Flail             |       |   141 |   573 |       ||   714
       Dagger            |       |       |       |   266 ||   266
       Long sword        |       |       |       |   148 ||   148
 Fire: Shortbow          |     5 |       |   109 |   694 ||   808
Throw: Dart              |       |       |     6 |       ||     6
Evoke: Wand              |       |       |     5 |       ||     5
  Use: Potion            |       |     5 |     1 |    10 ||    16
       Scroll            |       |       |    13 |     8 ||    21
 Stab: Sleeping          |     2 |       |       |       ||     2
Armor: Leather armour    |    31 |       |       |       ||    31
       Ring mail         |    24 |    99 |       |       ||   123
       Scale mail        |       |    52 |   373 |    75 ||   500
       Quicksilver drago |       |       |       |   268 ||   268
Dodge: Dodged            |   121 |   222 |   420 |   675 ||  1438
       Rpst.: Long sword |       |       |       |    94 ||    94

Table legend: (Time is in decaauts)
 A = Elapsed time spent in this place.
 B = Non-inter-level travel time spent in this place.
 C = Inter-level travel time spent in this place.
 D = Time resting spent in this place.
 E = Time spent auto-exploring this place.
 F = Levels seen in this place.
 G = Mean time per level.
                   A        B        C        D        E       F      G
               +--------+--------+--------+--------+--------+-----+--------+
         Total |  18849 |  18016 |    833 |   2337 |  11091 |  16 | 1178.1 |
       Dungeon |  15596 |  14806 |    790 |   2011 |   9254 |  12 | 1299.7 |
          Lair |   1939 |   1896 |     43 |    178 |   1271 |   2 |  969.5 |
       Ossuary |    438 |    438 |      0 |      0 |    142 |   1 |  438.0 |
      Ice Cave |    874 |    874 |      0 |    147 |    424 |   1 |  874.0 |
               +--------+--------+--------+--------+--------+-----+--------+

Top non-repeatable levels by time:
     D:2: 2505 daAuts
    D:11: 1800 daAuts
     D:1: 1585 daAuts
  Lair:1: 1202 daAuts
    D:12: 1188 daAuts
     D:7: 1168 daAuts
     D:8: 1159 daAuts
     D:6: 1154 daAuts
     D:9: 1101 daAuts
     D:5: 1082 daAuts
     D:4: 1070 daAuts
    D:10: 955 daAuts
   IceCv: 874 daAuts
     D:3: 825 daAuts
  Lair:2: 737 daAuts
